 Dungeon Crawl Stone Soup version 0.31-a0-986-g5e6e4ef867 (webtiles) character file.

Game seed: 8890326119838514739

1638 LeprechaunX the Changeling (level 8, -15/54 HPs)
             Began as an Octopode Shapeshifter on Nov 10, 2023.
             Was an Initiate of Hepliaklqana.
             Demolished by a two-headed ogre
             ... wielding a +0 dire flail of holy wrath
              (17 damage)
             ... on level 6 of the Dungeon.
             The game lasted 00:05:34 (4124 turns).

LeprechaunX the Changeling (Octopode Shapeshifter)  Turns: 4124, Time: 00:05:34

Health: -15/54     AC:  1    Str: 13    XL:     8   Next: 98%
Magic:  8/8        EV: 13    Int: 22    God:    Hepliaklqana [......]
Gold:   240        SH:  5    Dex: 13    Spells: 5/7 levels left

rFire   + . .        q - +8 spear of the Grey Skies {pain, rElec rCorr Int+3}
rCold   . . .        (no shield)
rNeg    . . .        (helmet currently unavailable)
rPois   .            w - amulet of reflection
rElec   +            A - ring of protection from fire
rCorr   +            z - +6 ring of intelligence
SInv    .            (no ring)
Will    .....        (no ring)
Stlth   ++           (no ring)
HPRegen 0.29/turn    (no ring)
MPRegen 0.11/turn    (no ring)
                     (no ring)

%: reflection
@: beast-form
A: beast (slay +3), almost no armour, amphibious, 8 rings, camouflage 1,
gelatinous body 1, (nimble swimmer 1), tentacles
a: Begin Untransformation, Renounce Religion


You were on level 6 of the Dungeon.
You worshipped Hepliaklqana.
Hepliaklqana was noncommittal.
You were a hulking beast.
You visited 2 branches of the dungeon, and saw 7 of its levels.

You collected 240 gold pieces.

Inventory:

Hand Weapons
 m - a +0 sling
 q - the +8 spear of the Grey Skies (weapon) {pain, rElec rCorr Int+3}
   (You found it on level 3 of the Dungeon)

   Int+3:     It affects your intelligence (+3).
   rElec:     It insulates you from electricity.
   rCorr:     It protects you from acid and corrosion.
Missiles
 j - 5 throwing nets
 v - 5 boomerangs (quivered)
Jewellery
 w - an amulet of reflection (around mantle)
 z - a +6 ring of intelligence (right tentacle)
 A - a ring of protection from fire (left tentacle)
Talismans
 b - a beast talisman
 c - a flux talisman
 r - a maw talisman
 t - a dragon-blood talisman
Wands
 o - a wand of mindburst (34)
 p - a wand of polymorph (9)
Scrolls
 e - 2 scrolls of acquirement {unknown}
 f - 2 scrolls of identify {unknown}
 h - a scroll of teleportation {unknown}
 i - 2 scrolls of poison {unknown}
 k - 2 scrolls of blinking {unknown}
 s - a scroll of brand weapon {unknown}
 x - a scroll of immolation {unknown}
 y - a scroll of fear {unknown}
Potions
 a - 3 potions of lignification
 d - 2 potions of attraction {unknown}
 g - a potion of curing {unknown}
 l - 2 potions of degeneration {unknown}
 n - 2 potions of mutation {unknown}
 u - 2 potions of ambrosia {unknown}


   Skills:
 + Level 4.8 Fighting
 - Level 3.0 Throwing
 - Level 2.0 Dodging
 + Level 5.5 Unarmed Combat
 + Level 0.2 Spellcasting
 + Level 0.3 Transmutations
 + Level 4.3 Evocations
 * Level 6.9 Shapeshifting


You had 5 spell levels left.
You knew the following spells:

 Your Spells              Type           Power      Damage    Failure   Level
a - Wereblood             Tmut           1%         N/A       22%         2

Your spell library contained the following spells:

 Spells                   Type           Power      Damage    Failure   Level
 Sublimation of Blood     Necr           0%         N/A       26%         2
 Inner Flame              Hex/Fire       0%         N/A       45%         3
 Flame Wave               Conj/Fire      0%         2d4       86%         4
 Sticky Flame             Conj/Fire      0%         2d3       86%         4
 Summon Hydra             Summ           0%         N/A       100%        7


Dungeon Overview and Level Annotations

Branches:
Dungeon (6/15)             Temple (1/1) D:4

Altars:
Ashenzari
Cheibriados
Dithmenos
Elyvilon
Fedhas
Hepliaklqana
Kikubaaqudgha
Nemelex Xobeh
Okawaru
Qazlal
Sif Muna
Trog
Uskayaw
Wu Jian
Xom
Yredelemnul
Zin
The Shining One

Shops:
D:1 [   D:2 (

Annotations:
D:4 3 runed translucent doors, p00ps00p's ghost, novice HOFi


Innate Abilities, Weirdness & Mutations

You are a hulking beast.
Your limbs bulge with bestial killing power. (Slay +3)
You cannot wear most types of armour.
You are amphibious.
You can wear up to eight rings at the same time.
Your skin changes colour to match your surroundings (Stealth+).
Your rubbery body absorbs attacks. (AC +1, EV +1)
((You are camouflaged when in or above water. (Stealth+)))
You have tentacles for arms and can constrict up to eight enemies at once.


Message History

The two-headed ogre shouts in stereo!
A two-headed ogre is nearby!
A two-headed ogre is nearby!
A two-headed ogre is nearby!
Throw: 5 boomerangs
Press: ? - help, Q - select action, (/) - cycle Shift-Dir - straight line, f - two-headed ogre
Aim: a two-headed ogre, wielding a +0 dire flail of holy wrath and a +0 giant club (77% to hit)
You throw a boomerang. The boomerang hits the two-headed ogre.
The two-headed ogre is lightly wounded.
Throw: 5 boomerangs
Press: ? - help, Q - select action, (/) - cycle Shift-Dir - straight line, f/p - two-headed ogre
Aim: a two-headed ogre, wielding a +0 dire flail of holy wrath and a +0 giant club (lightly wounded, 77% to hit)
You throw a boomerang.
The boomerang barely misses the two-headed ogre.
Throw: 5 boomerangs
Press: ? - help, Q - select action, (/) - cycle Shift-Dir - straight line, f/p - two-headed ogre
Aim: a two-headed ogre, wielding a +0 dire flail of holy wrath and a +0 giant club (lightly wounded, 77% to hit)
You throw a boomerang. The boomerang hits the two-headed ogre.
The two-headed ogre is lightly wounded.
A two-headed ogre is nearby!
You closely miss the two-headed ogre.
The two-headed ogre is lightly wounded.
The two-headed ogre completely misses you.
You block the two-headed ogre's attack.
You puncture the two-headed ogre!
You squeeze the two-headed ogre, but do no damage.
The two-headed ogre is moderately wounded.
You puncture the two-headed ogre!
The two-headed ogre is moderately wounded.
The two-headed ogre hits you with a +0 dire flail of holy wrath!!
Ouch! That really hurt!
The two-headed ogre hits you with a +0 giant club!
* * * LOW HITPOINT WARNING * * *
You are too injured to fight recklessly!
You barely miss the two-headed ogre.
The two-headed ogre is moderately wounded.
The two-headed ogre hits you with a +0 dire flail of holy wrath!
* * * LOW HITPOINT WARNING * * *
The two-headed ogre hits you with a +0 giant club!
You die...

#....................
+###....................
.........................
.........................
.........................
...........###'#.....#+##
...........+...#.....#
...........#...#.....#
...........#...#h....#
..........###+#O....#
...#'##### ..##'## ..#.
...# ... ....# ...#
.....' ..# #....># .#
#.....#


You could see a two-headed ogre.

Vanquished Creatures
  Sigmund (D:5)
  Eustachio (D:5)
  2 water moccasins
  A black bear (D:5)
  An ice beast (D:5)
  A phantom (D:5)
  A kobold brigand (D:5)
  A bullfrog (D:6)
  2 scorpions (D:5)
  2 orc priests (D:4)
  4 hounds
  2 jellies (D:4)
  A sleepcap (D:6)
  Natasha (thrice) (D:3)
  3 iguanas (D:5)
  An orc wizard (D:4)
  3 gnolls (D:5)
  4 adders
  A shadow imp (D:6)
  A white imp (D:6)
  An adder zombie (D:3)
  A worm (D:2)
  A dart slug (D:2)
  17 orcs
  6 endoplasms
  2 giant cockroaches
  3 hobgoblins
  7 jackals
  12 kobolds
  4 ball pythons
  3 bats
  5 frilled lizards
  2 giant cockroach zombies (D:3)
  3 goblins
  4 rats
107 creatures vanquished.

Notes
Turn   | Place    | Note
-------+----------+-------------------------------------------
     0 | D:1      | LeprechaunX the Octopode Shapeshifter began the quest for
                  | the Orb.
     0 | D:1      | Reached XP level 1. HP: 13/13 MP: 1/1
   231 | D:1      | Found Taloav's Antique Armour Boutique.
   338 | D:1      | Found a faded altar of an unknown god.
   343 | D:1      | Reached XP level 2. HP: 15/18 MP: 2/2
   643 | D:2      | Found Ymulusso's Antique Weapon Boutique.
   687 | D:2      | Reached XP level 3. HP: 23/23 MP: 3/3
  1131 | D:3      | Noticed Natasha
  1134 | D:3      | Killed Natasha
  1135 | D:3      | Reached XP level 4. HP: 29/29 MP: 4/4
  1201 | D:3      | Found a basalt altar of Yredelemnul.
  1220 | D:3      | Reached skill level 4 in Shapeshifting
  1242 | D:3      | Noticed Natasha
  1247 | D:3      | Killed Natasha
  1301 | D:3      | Identified the +8 spear of the Grey Skies {pain, rElec
                  | rCorr Int+3}
  1307 | D:3      | Noticed Natasha
  1328 | D:3      | Killed Natasha
  1329 | D:3      | Reached XP level 5. HP: 35/35 MP: 5/5
  1611 | D:4      | Reached skill level 1 in Evocations
  1689 | D:4      | Found a runed translucent gate.
  1689 | D:4      | Found a runed translucent gate.
  1689 | D:4      | Found a runed translucent gate.
  1689 | D:4      | Noticed p00ps00p's ghost (novice HOFi)
  1796 | D:4      | Reached skill level 1 in Throwing
  1816 | D:4      | Reached XP level 6. HP: 39/41 MP: 6/6
  2152 | D:4      | Found a staircase to the Ecumenical Temple.
  2235 | Temple   | Entered the Ecumenical Temple
  2252 | Temple   | Became a worshipper of Hepliaklqana the Forgotten
  2678 | D:5      | Entered Level 5 of the Dungeon
  2678 | D:5      | Noticed Sigmund
  2689 | D:5      | Reached skill level 5 in Shapeshifting
  2689 | D:5      | Reached XP level 7. HP: 37/46 MP: 7/7
  2880 | D:5      | Killed Sigmund
  3119 | D:5      | Reached XP level 8. HP: 53/54 MP: 8/8
  3171 | D:5      | Reached skill level 6 in Shapeshifting
  3326 | D:5      | Reached skill level 5 in Unarmed Combat
  3363 | D:5      | Noticed Eustachio
  3372 | D:5      | Killed Eustachio
  3865 | D:6      | Learned a level 2 spell: Wereblood
  4117 | D:6      | Noticed a two-headed ogre
  4124 | D:6      | HP: 2/54 [two-headed ogre/+0 dire flail of holy wrath (10)]
  4124 | D:6      | Demolished by a two-headed ogre

Illustrated notes

Levels and vault maps discovered:
D:1:      saegor_arrival_simple_d, layout_loops_cross, serial_shops, shop,
          hellmonk_ecumenical_altar_lost_god
D:2:      layout_basic, serial_shops, shop
D:3:      layout_rooms, nicolae_yredelemnul_corpse_copse, uniq_natasha
D:4:      layout_loops_cross, lemuel_temple_firewalk_b, gammafunk_ghost_split
D:5:      layout_loops_ring, uniq_sigmund, uniq_eustachio
D:6:      layout_gridville
Temple:   bh_familiar_temple

Skill      XL: |  1  2  3  4  5  6  7  8 |
---------------+-------------------------+-----
Fighting       | 2 3 4 |  4.8
Shapeshifting  | 4 5 6 |  6.9
Evocations     | 1 2 3 4 |  4.3
Throwing       | 1 2 3 |  3.0
Unarmed Combat | 4 5 |  5.5
Dodging        | |  2.0
Spellcasting   | |  0.2
Transmutations | |  0.3

Action                     |  1- 3 |  4- 6 |  7- 9 || total
---------------------------+-------+-------+-------++-------
  Melee: Unarmed           |    50 |    17 |       ||    67
         Constrict         |    12 |    20 |    14 ||    46
         Tentacles         |     8 |    17 |    13 ||    38
         Punch             |     2 |     2 |     3 ||     7
         Spear             |       |    66 |    78 ||   144
  Throw: Boomerang         |       |       |    12 ||    12
         Throwing net      |       |       |     1 ||     1
   Stab: Sleeping          |     6 |     6 |     2 ||    14
         Distracted        |       |       |     2 ||     2
 Armour: Skin              |    15 |    17 |    44 ||    76
  Dodge: Dodged            |    22 |    34 |    37 ||    93
  Block: Other             |       |       |     4 ||     4

Table legend: (Time is in decaauts)
 A = Elapsed time spent in this place.
 B = Non-inter-level travel time spent in this place.
 C = Inter-level travel time spent in this place.
 D = Time resting spent in this place.
 E = Time spent auto-exploring this place.
 F = Levels seen in this place.
 G = Mean time per level.
                   A        B        C        D        E       F      G
               +--------+--------+--------+--------+--------+-----+--------+
         Total |   4135 |   3891 |    244 |    423 |   2843 |   7 |  590.7 |
       Dungeon |   4101 |   3889 |    212 |    423 |   2843 |   6 |  683.5 |
        Temple |     33 |      1 |     32 |      0 |      0 |   1 |   33.0 |
               +--------+--------+--------+--------+--------+-----+--------+

Top non-repeatable levels by time:
     D:4: 1171 daAuts
     D:5: 1040 daAuts
     D:1: 642 daAuts
     D:3: 471 daAuts
     D:2: 464 daAuts
     D:6: 311 daAuts
  Temple: 33 daAuts
